 Dungeon Crawl Stone Soup version 0.28.0-45-g0d030f2227 (webtiles) character file.

Game seed: 8132716270378222710

2 NinjaNoafa the Vexing (level 1, 0/12 HPs)
             Began as a Kobold Arcane Marksman on Apr 2, 2022.
             Succumbed to a kobold's poison
             ... on level 1 of the Dungeon.
             The game lasted 00:01:03 (61 turns).

NinjaNoafa the Vexing (Kobold Arcane Marksman)        Turns: 61, Time: 00:01:04

Health: 0/12       AC:  2    Str:  7    XL:     1   Next: 33%
Magic:  1/2        EV: 15    Int: 14    God:
Gold:   12         SH:  0    Dex: 15    Spells: 1/2 levels left

rFire   . . .      SeeInvis .   a - +0 hand crossbow
rCold   . . .      Faith    .   (no shield)
rNeg    . . .      Spirit   .   d - +0 robe
rPois   .          Reflect  .   (no helmet)
rElec   .          Harm     .   (no cloak)
rCorr   .          Rampage  .   (no gloves)
Will    .....                   (no boots)
Stlth   ++........              (no amulet)
HPRegen 0.04/turn               (no ring)
MPRegen 0.08/turn               (no ring)

@: lethally poisoned (0 -> -7)
A: small, no large weapons, nightstalker 3
a: no special abilities


You were on level 1 of the Dungeon.
You visited 1 branch of the dungeon, and saw 1 of its levels.

You collected 12 gold pieces.

Inventory:

Hand Weapons
 a - a +0 hand crossbow (weapon)
Missiles
 c - 12 bolts (quivered ammo)
Armour
 d - a +0 robe (worn)
Potions
 b - a potion of heal wounds {unknown}


   Skills:
 + Level 1.1 Fighting
 + Level 2.4 Crossbows
 + Level 2.4 Dodging
 + Level 0.1 Stealth
 * Level 1.1 Spellcasting
 * Level 3.0 Hexes


You had one spell level left.
You knew the following spells:

 Your Spells              Type           Power      Damage    Failure   Level
a - Slow                  Hex            36%        N/A       8%          1

Your spell library contained the following spells:

 Spells                   Type           Power      Damage    Failure   Level
 Inner Flame              Hex/Fire       5%         N/A       38%         3
 Portal Projectile        Hex/Tloc       10%        N/A       38%         3
 Cause Fear               Hex            4%         N/A       58%         4


Dungeon Overview and Level Annotations

Branches:
Dungeon (1/15)

Altars:


Innate Abilities, Weirdness & Mutations

You are small and have problems with some larger weapons.
You are completely attuned to the shadows.


Message History

Fire: 16 bolts
Press: ? - help, Q - select action, (/) - cycle Shift-Dir - straight line, f/p - giant cockroach
Aim: a giant cockroach (heavily wounded, 63% to hit)
You shoot a bolt. The bolt hits the giant cockroach.
The giant cockroach is almost dead.
The giant cockroach misses you.
The giant cockroach completely misses you.
Fire: 15 bolts
Press: ? - help, Q - select action, (/) - cycle Shift-Dir - straight line, f/p - giant cockroach
Aim: a giant cockroach (almost dead, 63% to hit)
You shoot a bolt.
The bolt barely misses the giant cockroach.
The bolt hits the kobold but does no damage.
The kobold shouts!
The giant cockroach bites you but does no damage. x2
Fire: 14 bolts
Press: ? - help, Q - select action, (/) - cycle Shift-Dir - straight line, f/p - giant cockroach
Aim: a giant cockroach (almost dead, 63% to hit)
You shoot a bolt. The bolt hits the giant cockroach.
You kill the giant cockroach!
Fire: 13 bolts
Press: ? - help, Q - select action, (/) - cycle Shift-Dir - straight line, f - kobold
Aim: a kobold, wielding a +1 whip of venom (56% to hit)
You shoot a bolt.
The bolt hits the kobold but does no damage.
The kobold hits you with a +1 whip of venom.
You are lethally poisoned!
Casting: Slow (safe; 8% risk of failure)
Confirm with . or Enter, or press ? or * to list all spells.
Aiming: Slow (safe; 8% risk of failure)
Press: ? - help, Shift-Dir - straight line, f/p - kobold
Aim: a kobold, wielding a +1 whip of venom (chance to affect: 64%)
The kobold seems to slow down.
You feel very sick. The kobold completely misses you.
* * * LOW HITPOINT WARNING * * *
You feel very sick.
* * * LOW HITPOINT WARNING * * *
You feel sick.
You die...

#......## ## #........
#.##........
..##.....##.###.......
........#.....##.....#
.......##.<.....#....# .
........#.....##.....#..
.##.....##.###...K(((..
#.##.........@.##.###.
.####...........##.....
..##......####.....####
..........#...#.####
#.#..####.#.....##
#....†.....#..#..#
#.#.##...........# #.#.
#.###.#.#...# .#.##.#
#...#.###


You could see a kobold (slow).

Vanquished Creatures
  A giant cockroach (D:1)
  A rat (D:1)
2 creatures vanquished.

Notes
Turn   | Place    | Note
-------+----------+-------------------------------------------
     0 | D:1      | NinjaNoafa the Kobold Arcane Marksman began the quest for
                  | the Orb.
     0 | D:1      | Reached XP level 1. HP: 12/12 MP: 2/2
    61 | D:1      | Succumbed to a kobold's poison

Illustrated notes

Levels and vault maps discovered:
D:1:      erik_arrival_blinker_ship, layout_loops_ring,
          shapermc_ecumenical_altar_acropolis

Action                   || total
-------------------------++-------
 Fire: Hand crossbow     ||     9
 Cast: Slow              ||     1
Armor: Robe              ||     2
Dodge: Dodged            ||     7
